[Event "*** SCC Grand Prix: Titled Tuesday Blitz"]
[Site "Chess.com"]
[Date "2020.08.25"]
[Round "1"]
[White "Borsuk_Konstantin"]
[Black "Mbneu"]
[Result "1-0"]
[WhiteElo "2543"]
[BlackElo "2213"]
[TimeControl "180+1"]
[EndTime "10:01:46 PDT"]
[Termination "Borsuk_Konstantin won by resignation"]

1. d4 Nf6 2. c4 c5 3. d5 e6 4. Nc3 exd5 5. cxd5 d6 6. Nf3 g6 7. g3 Bg7 8. Bg2 O-O 9. O-O a6 10.
a4 Re8 11. Nd2 Nbd7 12. Nc4 Nb6 13. Na3 Bd7 14. a5 Nc8 15. Nc4 b5 16. axb6 Bf5 17. b7 1-0

[Event "*** SCC Grand Prix: Titled Tuesday Blitz"]
[Site "Chess.com"]
[Date "2020.08.25"]
[Round "1"]
[White "Dedic8"]
[Black "Sjakkerntobi"]
[Result "1-0"]
[WhiteElo "2741"]
[BlackElo "2389"]
[TimeControl "180+1"]
[EndTime "10:02:04 PDT"]
[Termination "Dedic8 won by resignation"]

1. e4 e6 2. d4 d5 3. Nc3 Bb4 4.
e5 Ne7 5. a3 Bxc3+ 6. bxc3 c5 7.
h4 Qc7 8. h5 cxd4 9. cxd4 Qc3+ 10. Bd2 Qxd4 11. Nf3 Qe4+ 12. Be2 Nf5 13. O-O b6 14.
Re1 O-O 15. Rb1 a5 16. Rxb6 Nd7 17. Bd3 Qxe1+ 18. Qxe1 Nxb6 19. Bxf5 exf5 20. h6 g6 21. Qe3 Nd7 22. Qd4 f6 23. Qxd5+ Kh8 24. Qxa8 1-0

[Event "*** SCC Grand Prix: Titled Tuesday Blitz"]
[Site "Chess.com"]
[Date "2020.08.25"]
[Round "1"]
[White "esrosenberg"]
[Black "sergeikim"]
[Result "1-0"]
[WhiteElo "2191"]
[BlackElo "2499"]
[TimeControl "180+1"]
[EndTime "10:02:19 PDT"]
[Termination "esrosenberg won by resignation"]

1. Nf3 Nf6 2. c4 g6 3. Nc3 Bg7 4. e4 d6 5. d4 O-O 6. h3 e5 7. dxe5 dxe5 8. Qxd8 Rxd8 9. Bg5 c6 10. Nxe5 Re8 11.
O-O-O Na6 12. Nf3 h6 13. Be3 Nxe4 14. Nxe4 Rxe4 15. Rd8+ Kh7 16. h4 Nc7 17. Ng5+ hxg5 18. hxg5+ Bh6 19. Rxh6+ Kg7 20. Rdh8 1-0

[Event "*** SCC Grand Prix: Titled Tuesday Blitz"]
[Site "Chess.com"]
[Date "2020.08.25"]
[Round "1"]
[White "Brave_spirit12"]
[Black "CzechmVIII"]
[Result "1-0"]
[WhiteElo "2514"]
[BlackElo "2171"]
[TimeControl "180+1"]
[EndTime "10:02:39 PDT"]
[Termination "Brave_spirit12 won by resignation"]

1. e4 c5 2. c3 d5 3. exd5 Nf6 4.
Nf3 Nxd5 5. d4 cxd4 6. Nxd4 e6 7. Bd3 Be7 8. O-O O-O 9. Re1 b6 10. Qh5 Nf6 11. Qf3 Qd5 12. Qg3 Qh5 13. Be2 Qg6 14.
Bf3 Qxg3 15. hxg3 Nd5 16. Bxd5 1-0

[Event "*** SCC Grand Prix: Titled Tuesday Blitz"]
[Site "Chess.com"]
[Date "2020.08.25"]
[Round "1"]
[White "killer311"]
[Black "JRenatoMaranhao"]
[Result "1-0"]
[WhiteElo "2484"]
[BlackElo "2054"]
[TimeControl "180+1"]
[EndTime "10:02:44 PDT"]
[Termination "killer311 won by resignation"]

1. d4 c6 2. c4 d5 3. e3 Nf6 4. Nf3 Bf5 5. cxd5 Nxd5 6. Nc3 Nxc3 7. bxc3 e6 8. Bd3 Bxd3 9. Qxd3 Bd6 10. O-O O-O 11.
e4 e5 12. dxe5 Bc5 13. Qc4 Qe7 14. Bg5 1-0

[Event "*** SCC Grand Prix: Titled Tuesday Blitz"]
[Site "Chess.com"]
[Date "2020.08.25"]
[Round "1"]
[White "Gerodot71"]
[Black "exoticprincess"]
[Result "0-1"]
[WhiteElo "2432"]
[BlackElo "2891"]
[TimeControl "180+1"]
[EndTime "10:03:03 PDT"]
[Termination "exoticprincess won by resignation"]

1. d4 d5 2. c4 c6 3. Nf3 Nf6 4. Nc3 dxc4 5. a4 Bf5 6. Ne5 Na6 7. f3 Nd7 8. Nxc4 e5 9. dxe5 Qh4+ 10. g3 Qxc4 11. e4 Qe6 12. exf5 Qxe5+ 13. Kf2 O-O-O 14.
Bxa6 bxa6 15. Bf4 Qxf5 16. Qb3 g5 17. Be3 Ne5 18. f4 Ng4+ 19. Kf3 Nxe3 20. Kxe3 Bc5+ 21. Ke2 Rhe8+ 0-1

[Event "*** SCC Grand Prix: Titled Tuesday Blitz"]
[Site "Chess.com"]
[Date "2020.08.25"]
[Round "1"]
[White "INDIAN-ELEPHANT"]
[Black "VinzentSpitzl"]
[Result "1/2-1/2"]
[WhiteElo "2686"]
[BlackElo "2372"]
[TimeControl "180+1"]
[EndTime "10:03:10 PDT"]
[Termination "Game drawn by repetition"]

1. d4 d5 2. Nf3 Nf6 3. c4 e6 4. g3 Bb4+ 5. Bd2 Be7 6. Bg2 O-O 7. O-O Nbd7 8. Qc2 Ne4 9. Nc3 Nxd2 10. Nxd2 c6 11.
e3 b6 12. Rac1 Bb7 13. Rfd1 Rc8 14. a3 Qc7 15. b4 Rfd8 16. Qb2 Qb8 17. a4 Nf6 18. b5 c5 19. dxc5 Rxc5 20. cxd5 Nxd5 21. Nxd5 Bxd5 22. Rxc5 Bxc5 23. Nb3 Bxg2 24. Rxd8+ Qxd8 25. Kxg2 Qd5+ 26. Kg1 Qd1+ 27. Kg2 Qd5+ 28. Kg1 Qd1+ 29. Kg2 Qd5+ 1/2-1/2

[Event "*** SCC Grand Prix: Titled Tuesday Blitz"]
[Site "Chess.com"]
[Date "2020.08.25"]
[Round "1"]
[White "Kaua18"]
[Black "StephenDedalus83"]
[Result "0-1"]
[WhiteElo "2396"]
[BlackElo "2756"]
[TimeControl "180+1"]
[EndTime "10:03:21 PDT"]
[Termination "StephenDedalus83 won by resignation"]

1. e4 c5 2. Nf3 Nc6 3. d4 cxd4 4. Nxd4 Qc7 5. Nc3 e6 6. Be2 a6 7. O-O Nf6 8. Be3 Be7 9. a4 O-O 10. Nb3 b6 11. f4 d6 12. Bf3 Bb7 13. Qe1 Na5 14. Nxa5 bxa5 15. Qf2 Nd7 16. Rad1 Rab8 17. Ba7 Rbc8 18. Rfe1 Nc5 19. e5 Bxf3 20. Bxc5 Bxd1 21.
exd6 Bxd6 22. Bb6 Qxb6 23. Qxb6 Bc5+ 24. Qxc5 Rxc5 25. Rxd1 Rb8 26. Rd6 h6 27. Rxa6 Rxb2 28. Nd1 Rb1 29. Rd6 Rd5 0-1

[Event "*** SCC Grand Prix: Titled Tuesday Blitz"]
[Site "Chess.com"]
[Date "2020.08.25"]
[Round "1"]
[White "SGchess01"]
[Black "hectorfiori"]
[Result "1-0"]
[WhiteElo "2746"]
[BlackElo "2390"]
[TimeControl "180+1"]
[EndTime "10:03:21 PDT"]
[Termination "SGchess01 won by resignation"]

1. d4 Nf6 2. c4 g6 3. Nc3 Bg7 4.
e4 d6 5. f3 O-O 6. Be3 c5 7.
Nge2 cxd4 8. Nxd4 Nc6 9. Be2 Bd7 10. O-O Qa5 11. Qd2 a6 12. Nb3 Qc7 13. Rac1 Rfc8 14. Nd5 Qd8 15. Nb6 Rab8 16. Nxc8 Rxc8 17. Rfd1 Be6 18.
c5 Bxb3 19. axb3 Ne5 20. cxd6 Rxc1 21. Rxc1 exd6 22. Rd1 Ne8 23. f4 1-0

[Event "*** SCC Grand Prix: Titled Tuesday Blitz"]
[Site "Chess.com"]
[Date "2020.08.25"]
[Round "1"]
[White "VincentKeymer"]
[Black "ChelsieMonica"]
[Result "1-0"]
[WhiteElo "2811"]
[BlackElo "2408"]
[TimeControl "180+1"]
[EndTime "10:03:23 PDT"]
[Termination "VincentKeymer won by checkmate"]

1. Nf3 Nf6 2. c4 e6 3. Nc3 b6 4.
e4 d6 5. d4 Bb7 6. Bd3 Nbd7 7. O-O e5 8. d5 Be7 9. Be3 a5 10. a3 Nc5 11. Bc2 Ncd7 12. b4 O-O 13. Ne1 Ne8 14. Nd3 Bg5 15. Qd2 Bxe3 16. Qxe3 f5 17.
exf5 Rxf5 18. f4 Rf8 19. fxe5 Nxe5 20. Nxe5 dxe5 21. Bxh7+ Kxh7 22. Rxf8 Qh4 23. Raf1 Qd4 24. Qxd4 exd4 25. Ne4 axb4 26. axb4 Kg6 27. h3 d3 28. Rd1 Nd6 29. Rxa8 Nxe4 30. Ra7 Bc8 31. Rxd3 Bf5 32. Rxc7 Nf6 33. Rg3+ Kh6 34. d6 Ne4 35. Rd3 Ng5 36.
d7 Bxd3 37. d8=Q Bg6 38. Rc6 Nf7 39. Qh4# 1-0

[Event "*** SCC Grand Prix: Titled Tuesday Blitz"]
[Site "Chess.com"]
[Date "2020.08.25"]
[Round "1"]
[White "rasmussvane"]
[Black "Aradej"]
[Result "1-0"]
[WhiteElo "2862"]
[BlackElo "2426"]
[TimeControl "180+1"]
[EndTime "10:03:26 PDT"]
[Termination "rasmussvane won by resignation"]

1. Nf3 Nf6 2. g3 d5 3. Bg2 e6 4. O-O Be7 5. c4 O-O 6. b3 c5 7.
cxd5 Nxd5 8. Nc3 Nxc3 9. dxc3 Qxd1 10. Rxd1 Nc6 11. Be3 a5 12. a4 Ra6 13. Nd2 Bf6 14. Ne4 Be7 15. Nxc5 Ra8 16. Nd7 Bxd7 17. Rxd7 Bf6 18.
Rxb7 Rac8 19. Rc1 Rfd8 20. Rb5 h6 21. Bxc6 Rxc6 22. Rxa5 Rxc3 23. Rxc3 Bxc3 24. Rc5 Rd1+ 25. Kg2 Be1 26. Rc1 1-0

[Event "*** SCC Grand Prix: Titled Tuesday Blitz"]
[Site "Chess.com"]
[Date "2020.08.25"]
[Round "1"]
[White "Jungle_Jaguar"]
[Black "VladimirBugayev"]
[Result "1-0"]
[WhiteElo "2646"]
[BlackElo "2308"]
[TimeControl "180+1"]
[EndTime "10:03:34 PDT"]
[Termination "Jungle_Jaguar won by resignation"]

1. e4 c6 2. d4 d5 3. e5 Bf5 4. h4 h5 5. c4 e6 6. Nc3 Bb4 7. Qb3 Bxc3+ 8. bxc3 dxc4 9. Qxb7 Nd7 10. Bg5 f6 11. exf6 gxf6 12. Bf4 e5 13. dxe5 Ne7 14.
Bxc4 Rb8 15. Qa6 Nc5 16. Qxa7 Rb7 17. Qxc5 1-0

[Event "*** SCC Grand Prix: Titled Tuesday Blitz"]
[Site "Chess.com"]
[Date "2020.08.25"]
[Round "1"]
[White "Anton_Demchenko"]
[Black "Slovak_fighter2000"]
[Result "1-0"]
[WhiteElo "2843"]
[BlackElo "2417"]
[TimeControl "180+1"]
[EndTime "10:03:46 PDT"]
[Termination "Anton_Demchenko won by resignation"]

1. e4 e6 2. d4 d5 3. Nd2 a6 4. Ngf3 c5 5. dxc5 Bxc5 6. Bd3 Ne7 7. O-O Nbc6 8. a3 O-O 9. b4 Bb6 10. Bb2 Ng6 11. e5 Nf4 12. Nb3 Nxd3 13. Qxd3 Bd7 14. Rfe1 Ne7 15. Nbd4 Rc8 16. h4 h6 17. h5 Qc7 18. Qd2 Bxd4 19. Nxd4 Nf5 20. Nxf5 exf5 21.
e6 Bxe6 22. Qd4 1-0

[Event "*** SCC Grand Prix: Titled Tuesday Blitz"]
[Site "Chess.com"]
[Date "2020.08.25"]
[Round "1"]
[White "grunbergmihai"]
[Black "pedro_nascimento85"]
[Result "1-0"]
[WhiteElo "2467"]
[BlackElo "1945"]
[TimeControl "180+1"]
[EndTime "10:03:48 PDT"]
[Termination "grunbergmihai won by checkmate"]

1. e4 e6 2. d4 d5 3. Nd2 c5 4. c3 cxd4 5. cxd4 Nc6 6. Ngf3 dxe4 7. Nxe4 Be7 8. Bd3 Nf6 9. O-O O-O 10. Re1 Kh8 11. Nc3 Nxd4 12. Ne5 Nc6 13. Nxc6 bxc6 14. Bf4 Bb7 15. Qf3 Qb6 16. Be5 h6 17. Re2 c5 18.
Qg3 Rg8 19. Rae1 Nd5 20. Ne4 Nf6 21. Ng5 Raf8 22. Qh4 Nd5 23. Qxh6# 1-0

[Event "*** SCC Grand Prix: Titled Tuesday Blitz"]
[Site "Chess.com"]
[Date "2020.08.25"]
[Round "1"]
[White "MuradNuri"]
[Black "enriquebutti"]
[Result "1-0"]
[WhiteElo "2455"]
[BlackElo "1800"]
[TimeControl "180+1"]
[EndTime "10:03:55 PDT"]
[Termination "MuradNuri won by resignation"]

1. e4 c5 2. Nf3 d6 3. d4 cxd4 4.
Bb5+ Nd7 5. Qxd4 e5 6. Qd3 a6 7. Bxd7+ Bxd7 8. O-O Bc6 9. Rd1 Be7 10. b3 Nf6 11. Nbd2 Qc7 12. c4 O-O 13. Nh4 g6 14.
Nhf3 b5 15. Bb2 Qb7 16. Re1 Rfd8 17. Rac1 bxc4 18. Qxc4 Rac8 19. Qe2 Nh5 20. Qe3 Nf4 21. Nc4 f6 22. g3 Ne6 23. Na5 Qa8 24. Nxc6 Rxc6 25.
Qd3 Nc5 26. Qd5+ Kg7 27. b4 Rb8 28. Ba3 1-0

[Event "*** SCC Grand Prix: Titled Tuesday Blitz"]
[Site "Chess.com"]
[Date "2020.08.25"]
[Round "1"]
[White "lider34"]
[Black "Saxar85"]
[Result "0-1"]
[WhiteElo "2404"]
[BlackElo "2787"]
[TimeControl "180+1"]
[EndTime "10:03:56 PDT"]
[Termination "Saxar85 won by resignation"]

1. e4 e5 2. Nc3 Nf6 3. g3 Bc5 4. Bg2 Nc6 5. Nge2 a6 6. d3 d6 7. O-O Nd4 8. h3 Be6 9. Be3 Qd7 10. Kh2 h5 11. Qd2 h4 12. g4 Bxg4 13. hxg4 Nxg4+ 14. Kg1 h3 15. Bh1 h2+ 16. Kg2 Nxe3+ 17. Qxe3 Nxe2 0-1

[Event "*** SCC Grand Prix: Titled Tuesday Blitz"]
[Site "Chess.com"]
[Date "2020.08.25"]
[Round "1"]
[White "MichailovM"]
[Black "catzapto"]
[Result "1-0"]
[WhiteElo "2480"]
[BlackElo "2049"]
[TimeControl "180+1"]
[EndTime "10:04:03 PDT"]
[Termination "MichailovM won by resignation"]

1. e4 c5 2. Nf3 e6 3. d4 cxd4 4. Nxd4 Nf6 5. Nc3 Bb4 6. e5 Nd5 7. Bd2 Nxc3 8. bxc3 Be7 9. Qg4 g6 10. h4 Nc6 11. Qg3 h5 12. Bd3 Qc7 13. Nb5 Qb8 14. Bf4 a6 15. Nd6+ Bxd6 16. exd6 O-O 17. Bh6 1-0

[Event "*** SCC Grand Prix: Titled Tuesday Blitz"]
[Site "Chess.com"]
[Date "2020.08.25"]
[Round "1"]
[White "Panterov"]
[Black "ChessBitl"]
[Result "0-1"]
[WhiteElo "1980"]
[BlackElo "2471"]
[TimeControl "180+1"]
[EndTime "10:04:03 PDT"]
[Termination "ChessBitl won by resignation"]

1. e4 c5 2. b3 Nf6 3. Nc3 Nc6 4.
Bb2 e6 5. g3 d5 6. Bg2 d4 7.
Nce2 e5 8. d3 Be6 9. f4 Qa5+ 10.
Qd2 Qxd2+ 11. Kxd2 Ng4 12. f5 Bd7 13. Nf3 g6 14. h4 gxf5 15. exf5 Bxf5 16. Ng5 Bh6 17. Bxc6+ bxc6 18. Rhf1 Bg6 19. Ke1 Ne3 20. Ba3 Nxc2+ 0-1

[Event "*** SCC Grand Prix: Titled Tuesday Blitz"]
[Site "Chess.com"]
[Date "2020.08.25"]
[Round "1"]
[White "RusPakhom"]
[Black "azikom"]
[Result "0-1"]
[WhiteElo "2279"]
[BlackElo "2613"]
[TimeControl "180+1"]
[EndTime "10:04:06 PDT"]
[Termination "azikom won by resignation"]

1. e4 d5 2. exd5 Qxd5 3. Nc3 Qa5 4. d4 Nf6 5. Nf3 Bg4 6. Bc4 e6 7. h3 Bh5 8. g4 Bg6 9. Ne5 Nbd7 10. f4 c6 11. Bd2 Qb6 12. Ne2 Nxe5 13. dxe5 Nd5 14. Bxd5 cxd5 15. Bc3 Be4 16. Rh2 Bc5 17. Nd4 h5 18. Qe2 Bxd4 0-1

[Event "*** SCC Grand Prix: Titled Tuesday Blitz"]
[Site "Chess.com"]
[Date "2020.08.25"]
[Round "1"]
[White "lucasmito"]
[Black "Grootneus"]
[Result "1-0"]
[WhiteElo "2514"]
[BlackElo "2166"]
[TimeControl "180+1"]
[EndTime "10:04:10 PDT"]
[Termination "lucasmito won by checkmate"]

1. e4 c5 2. Nf3 e6 3. Nc3 a6 4.
d4 cxd4 5. Nxd4 Qc7 6. Be3 Nf6 7. Qd2 Bb4 8. f3 d5 9. Nde2 dxe4 10. a3 Bxc3 11. Nxc3 exf3 12. gxf3 Nbd7 13. O-O-O b5 14.
Rg1 Bb7 15. Bxb5 axb5 16. Nxb5 Qb8 17. Nd6+ Kf8 18. Rxg7 Nd5 19. Rxf7+ Kg8 20. Rg1# 1-0

[Event "*** SCC Grand Prix: Titled Tuesday Blitz"]
[Site "Chess.com"]
[Date "2020.08.25"]
[Round "1"]
[White "Evandro_Barbosa"]
[Black "pavelalexandru07"]
[Result "1-0"]
[WhiteElo "2550"]
[BlackElo "2217"]
[TimeControl "180+1"]
[EndTime "10:04:14 PDT"]
[Termination "Evandro_Barbosa won by resignation"]

1. e4 c5 2. Nf3 d6 3. d4 cxd4 4. Nxd4 Nf6 5. Nc3 a6 6. a4 e5 7. Nf3 Be7 8. Bc4 Be6 9. Qe2 Qc8 10. Bb3 O-O 11. O-O Nc6 12. Rd1 Nb4 13. Bg5 h6 14.
Bxf6 Bxf6 15. Rxd6 Bxb3 16. cxb3 Qc5 17. Rad1 Rac8 18. Rxf6 gxf6 19. Nh4 Nc6 20. Nf5 Ne7 21. b4 1-0

[Event "*** SCC Grand Prix: Titled Tuesday Blitz"]
[Site "Chess.com"]
[Date "2020.08.25"]
[Round "1"]
[White "LaPorfia"]
[Black "ruslansezdbekov"]
[Result "0-1"]
[WhiteElo "2246"]
[BlackElo "2572"]
[TimeControl "180+1"]
[EndTime "10:04:16 PDT"]
[Termination "ruslansezdbekov won by resignation"]

1. d4 Nf6 2. Nf3 g6 3. Nc3 d5 4. Bf4 Bg7 5. e3 O-O 6. Be2 c5 7. Ne5 Nc6 8. O-O cxd4 9. exd4 Nd7 10. Nxd5 Ndxe5 11. dxe5 Nxe5 12. Qd2 e6 13. Nc3 Qxd2 14.
Bxd2 Bd7 15. f4 Nc6 16. Bf3 Rac8 17. Rad1 Na5 18. Nd5 exd5 19. Bxa5 Rxc2 20. Bxd5 Rxb2 21. Bb3 Bc6 22. Bb4 Rxg2+ 23. Kh1 Rd2+ 24. Kg1 Bd4+ 0-1

[Event "*** SCC Grand Prix: Titled Tuesday Blitz"]
[Site "Chess.com"]
[Date "2020.08.25"]
[Round "1"]
[White "chigorin28"]
[Black "WiktoriaPOL"]
[Result "1-0"]
[WhiteElo "2464"]
[BlackElo "1900"]
[TimeControl "180+1"]
[EndTime "10:04:16 PDT"]
[Termination "chigorin28 won by checkmate"]

1. e4 c5 2. Nf3 g6 3. c3 d5 4. exd5 Qxd5 5. d4 Nc6 6. Be2 Bg7 7. c4 Qd6 8. d5 Nd4 9. Nc3 Nxe2 10. Qxe2 Nf6 11.
O-O O-O 12. Re1 e6 13. Nb5 Qb6 14. Bf4 exd5 15. Nc7 Rb8 16. Nxd5 Nxd5 17. Bxb8 Nf6 18. Be5 Be6 19. b3 Rd8 20. Rad1 Ng4 21. Bxg7 Kxg7 22. h3 Nf6 23. Qe5 Rxd1 24. Rxd1 Qa6 25. Ng5 Bf5 26. Rd6 Qxa2 27. Qxf6+ Kg8 28. Rd8# 1-0

[Event "*** SCC Grand Prix: Titled Tuesday Blitz"]
[Site "Chess.com"]
[Date "2020.08.25"]
[Round "1"]
[White "phoenix_sjh"]
[Black "Anton_Zhukov04"]
[Result "1-0"]
[WhiteElo "2539"]
[BlackElo "2209"]
[TimeControl "180+1"]
[EndTime "10:04:17 PDT"]
[Termination "phoenix_sjh won by resignation"]

1. d4 Nf6 2. c4 e6 3. Nc3 Bb4 4. Qc2 O-O 5. Nf3 b6 6. e4 d5 7. e5 Ne4 8. Bd3 Bb7 9. O-O Nd7 10. Nxe4 dxe4 11. Bxe4 Bxe4 12. Qxe4 Be7 13. Be3 Qc8 14.
Rac1 Qa6 15. a3 Rfd8 16. Qc6 Rac8 17. Rfd1 Nb8 18. Qe4 Qa4 19. Bg5 Bxg5 20. Nxg5 g6 21. Qh4 h5 22. g4 Kg7 23. Nxf7 Kxf7 24. Qf6+ Kg8 25. Qxg6+ Kh8 26. Qxh5+ Kg7 27. Qg5+ Kh7 28. Rd3 1-0

[Event "*** SCC Grand Prix: Titled Tuesday Blitz"]
[Site "Chess.com"]
[Date "2020.08.25"]
[Round "1"]
[White "boasovietica"]
[Black "Gloomy_Wanderer"]
[Result "0-1"]
[WhiteElo "2395"]
[BlackElo "2751"]
[TimeControl "180+1"]
[EndTime "10:04:27 PDT"]
[Termination "Gloomy_Wanderer won by resignation"]

1. e4 c5 2. Nf3 a6 3. g3 b5 4. Bg2 Bb7 5. d3 e6 6. O-O Be7 7. Nc3 d6 8. a4 b4 9. Nb1 Nf6 10.
Ng5 Nc6 11. f4 Nd7 12. f5 Bxg5 13. fxe6 Nde5 14. Qh5 Bxc1 15. exf7+ Kf8 16. Rxc1 h6 17. Nd2 Qg5 18. Qe2 Nd4 19. Qe1 Qxd2 20. Qxd2 Ndf3+ 21. Bxf3 Nxf3+ 22. Kf2 Nxd2 23. Ke2 Nxe4 24. dxe4 Kxf7 25.
Rf1+ Ke7 0-1

[Event "*** SCC Grand Prix: Titled Tuesday Blitz"]
[Site "Chess.com"]
[Date "2020.08.25"]
[Round "1"]
[White "ViktoriyaTarasova"]
[Black "m_ezat"]
[Result "0-1"]
[WhiteElo "2231"]
[BlackElo "2558"]
[TimeControl "180+1"]
[EndTime "10:04:28 PDT"]
[Termination "m_ezat won by resignation"]

1. d4 Nf6 2. c4 g6 3. Nc3 Bg7 4.
e4 d6 5. h3 O-O 6. Be3 e5 7.
d5 a5 8. g4 Nfd7 9. Qc2 Na6 10. g5 Ndc5 11. Be2 c6 12. h4 a4 13. h5 Qa5 14. O-O-O Nb4 15. Qd2 Nb3+ 16. axb3 axb3 17. Rf1 Qa1+ 18. Nb1 Na2+ 0-1

[Event "*** SCC Grand Prix: Titled Tuesday Blitz"]
[Site "Chess.com"]
[Date "2020.08.25"]
[Round "1"]
[White "MoreChessJulia"]
[Black "bazar-wokzal"]
[Result "0-1"]
[WhiteElo "1873"]
[BlackElo "2461"]
[TimeControl "180+1"]
[EndTime "10:04:28 PDT"]
[Termination "bazar-wokzal won by resignation"]

1. d4 Nf6 2. c3 c5 3. Nf3 e6 4. g3 b5 5. Bg2 Bb7 6. a4 b4 7.
O-O Na6 8. Bg5 Be7 9. Nbd2 bxc3 10. bxc3 cxd4 11. cxd4 O-O 12. Ne5 Bxg2 13. Kxg2 Nb4 14. Bxf6 Bxf6 15. Ne4 Be7 16. Nd3 Nxd3 17. Qxd3 d5 18.
Nd2 Qa5 19. Rfb1 Rfb8 20. Nb3 Qc7 21. a5 Rb4 22. Rc1 Rc4 23. Rxc4 dxc4 24. Rc1 Qb7+ 25. Qf3 Qxf3+ 26. Kxf3 cxb3 27. Rb1 Rb8 0-1

[Event "*** SCC Grand Prix: Titled Tuesday Blitz"]
[Site "Chess.com"]
[Date "2020.08.25"]
[Round "1"]
[White "RodinMihail"]
[Black "rududuyk"]
[Result "1-0"]
[WhiteElo "2503"]
[BlackElo "2130"]
[TimeControl "180+1"]
[EndTime "10:04:34 PDT"]
[Termination "RodinMihail won by resignation"]

1. e4 e6 2. d4 d5 3. Nd2 Nf6 4. e5 Nfd7 5. c3 c5 6. Bd3 Nc6 7. Ne2 cxd4 8. cxd4 f6 9. exf6 Nxf6 10. O-O Bd6 11. f4 O-O 12. Nf3 Qb6 13. Kh1 Bd7 14. a3 Be8 15. Ng5 Bf7 16. h3 Rae8 17. Nc3 Qxd4 18.
Nb5 Qc5 19. b4 Nxb4 20. axb4 Qxb4 21. Ba3 1-0

[Event "*** SCC Grand Prix: Titled Tuesday Blitz"]
[Site "Chess.com"]
[Date "2020.08.25"]
[Round "1"]
[White "GM_dmitrij"]
[Black "djano"]
[Result "1-0"]
[WhiteElo "2892"]
[BlackElo "2435"]
[TimeControl "180+1"]
[EndTime "10:04:37 PDT"]
[Termination "GM_dmitrij won by resignation"]

1. e4 e6 2. d4 d5 3. Bd3 dxe4 4.
Bxe4 Nf6 5. Bf3 Be7 6. Ne2 O-O 7. O-O Nbd7 8. Nbc3 c5 9. Be3 cxd4 10. Qxd4 Bc5 11. Qd3 Bxe3 12. Qxe3 a6 13. a4 Qb6 14. Qxb6 Nxb6 15.
a5 Nc4 16. Ra4 Nd2 17. Rd1 Nxf3+ 18. gxf3 Bd7 19. Rb4 Bc6 20. Nd4 Nd5 21. Nxd5 Bxd5 22. c4 Bc6 23. Nxc6 bxc6 24. Rd6 Rfc8 25. Rb6 Kf8 26.
Rdxc6 Rxc6 27. Rxc6 Ra7 28. b4 Ke7 29. Kf1 Kd7 30. Rb6 h5 31. Ke2 g5 32. Kd3 f5 33.
Kd4 g4 34. f4 h4 35. Ke5 Rc7 36. c5 h3 37. Rd6+ Kc8 38. Rxe6 Rb7 39. Rb6 1-0

[Event "*** SCC Grand Prix: Titled Tuesday Blitz"]
[Site "Chess.com"]
[Date "2020.08.25"]
[Round "1"]
[White "ElGasanov"]
[Black "Superfelix"]
[Result "1-0"]
[WhiteElo "2765"]
[BlackElo "2399"]
[TimeControl "180+1"]
[EndTime "10:04:40 PDT"]
[Termination "ElGasanov won by resignation"]

1. d4 g6 2. e4 c6 3. c4 d5 4. Nc3 dxe4 5. Nxe4 Nf6 6. Nxf6+ exf6 7. Be2 Bg7 8. Nf3 O-O 9. O-O Bg4 10. h3 Bxf3 11. Bxf3 f5 12. d5 c5 13. Be3 b6 14. Qd2 Na6 15. Rfe1 Nc7 16. Bg5 Bf6 17. Bxf6 Qxf6 18. d6 Rad8 19. Rad1 Ne6 20. Qd5 Nd4 21. d7 Kg7 22. b4 Nxf3+ 23. Qxf3 cxb4 24. Qb7 a5 25. Qc7 a4 26. Rd6 Qc3 27. Red1 b3 28. axb3 a3 29. Qxb6 a2 30. Qd4+ Qxd4 31. R6xd4 Ra8 32. Ra1 Rfd8 33. Rd2 Ra7 34. Raxa2 Rdxd7 35. Rxd7 1-0

[Event "*** SCC Grand Prix: Titled Tuesday Blitz"]
[Site "Chess.com"]
[Date "2020.08.25"]
[Round "1"]
[White "Mostii"]
[Black "Fighter008"]
[Result "1/2-1/2"]
[WhiteElo "2365"]
[BlackElo "2680"]
[TimeControl "180+1"]
[EndTime "10:04:42 PDT"]
[Termination "Game drawn by repetition"]

1. d4 Nf6 2. Nf3 g6 3. g3 Bg7 4. Bg2 O-O 5. O-O d6 6. b3 Nbd7 7. Bb2 a5 8. Nbd2 a4 9. c4 c5 10. d5 Qa5 11. Qc2 b6 12. e4 Qa7 13. e5 Ne8 14.
Rfe1 dxe5 15. Nxe5 Nxe5 16. Bxe5 Bf5 17. Qb2 Rd8 18.
Bxg7 Nxg7 19. bxa4 Rd6 20. Be4 Qxa4 21. Bxf5 Nxf5 22.
Ne4 Rdd8 23. Qxb6 Qxc4 24. Qxc5 Qxc5 25. Nxc5 Rxd5 26. Nb3 Ra8 27. a4 Rd3 28. Reb1 Nd4 29. Nxd4 Rxd4 30. a5 Rd6 31. Rb5 Kg7 32. Kg2 e6 33. h4 h5 34. Ra4 Raa6 35. Rab4 Rd2 36. Ra4 Rdd6 37. Rab4 Rd2 38. Ra4 Rdd6 1/2-1/2

[Event "*** SCC Grand Prix: Titled Tuesday Blitz"]
[Site "Chess.com"]
[Date "2020.08.25"]
[Round "1"]
[White "MikaelyanArman"]
[Black "Grandmaster2B"]
[Result "1-0"]
[WhiteElo "2807"]
[BlackElo "2407"]
[TimeControl "180+1"]
[EndTime "10:04:45 PDT"]
[Termination "MikaelyanArman won on time"]

1. Nf3 Nf6 2. c4 e6 3. g3 c5 4. Bg2 Nc6 5. O-O Be7 6. d4 cxd4 7. Nxd4 O-O 8. Nc3 a6 9. b3 Qc7 10. Bb2 b6 11. Rc1 Bb7 12. Nd5 exd5 13. cxd5 Nxd5 14. Bxd5 Kh8 15. Nf5 Bf6 16. Bxf6 gxf6 17. Qd2 Qe5 18. e4 Rg8 19. f4 Qb8 20. Bxf7 Rf8 21. Qxd7 Ra7 22. Qe6 Qd8 23. Rfd1 1-0

[Event "*** SCC Grand Prix: Titled Tuesday Blitz"]
[Site "Chess.com"]
[Date "2020.08.25"]
[Round "1"]
[White "MasterKroket"]
[Black "Kobalia"]
[Result "0-1"]
[WhiteElo "2400"]
[BlackElo "2766"]
[TimeControl "180+1"]
[EndTime "10:04:45 PDT"]
[Termination "Kobalia won by resignation"]

1. d4 Nf6 2. c4 g6 3. Nc3 Bg7 4. e4 O-O 5. Nf3 d6 6. Be2 Nbd7 7. O-O e5 8. d5 Nh5 9. b4 Nf4 10. Ne1 Nxe2+ 11. Qxe2 f5 12. Nd3 Nf6 13. Bg5 Bd7 14. Rac1 f4 15. f3 Qe8 16. c5 Nh5 17.
Nb2 h6 18. Bh4 g5 19. Bf2 Nf6 20. h3 h5 21. Nc4 Qe7 22. cxd6 cxd6 23. Na5 g4 24.
hxg4 hxg4 25. Bh4 g3 26. Qe1 Qf7 27. Nxb7 Qh5 28. Bxg3 fxg3 29. Qxg3 Kh7 30. Nxd6 Bh6 31. Rce1 Bf4 0-1

[Event "*** SCC Grand Prix: Titled Tuesday Blitz"]
[Site "Chess.com"]
[Date "2020.08.25"]
[Round "1"]
[White "DariaVoit"]
[Black "IngOscarArdila"]
[Result "0-1"]
[WhiteElo "2502"]
[BlackElo "2203"]
[TimeControl "180+1"]
[EndTime "10:04:48 PDT"]
[Termination "IngOscarArdila won by resignation"]

1. d4 Nf6 2. c4 g6 3. g3 Bg7 4. Bg2 O-O 5. Nc3 d6 6. Nf3 Nbd7 7. O-O e5 8. e4 exd4 9. Nxd4 Nc5 10.
h3 Re8 11. Re1 a5 12. Qc2 c6 13. Be3 Qc7 14. b3 Bd7 15. Rad1 Rad8 16. f4 Bc8 17.
Bf2 h5 18. a3 Re7 19. e5 dxe5 20. Ndb5 cxb5 21. Nxb5 Qb6 22. Rxd8+ Qxd8 23. Bxc5 Rd7 24. fxe5 Rd2 25. Qc3 Rd3 26. Qc1 Nd7 27. Bd6 Qb6+ 28.
Kh2 Qf2 29. Qf4 Qxe1 30. Nd4 Qe3 0-1